 Dungeon Crawl Stone Soup version 0.28.0-43-g3370ac3207 (webtiles) character file.

Game seed: 16886563804517903381

639813 sizableburger the Hoplite (level 27, 0/196 (201) HPs)
             Began as an Octopode Warper on Mar 13, 2022.
             Was a High Priest of Wu Jian.
             Slain by a Hell Sentinel (13 damage)
             ... on level 5 of the Abyss on Mar 14, 2022.
             The game lasted 05:27:39 (80789 turns).

sizableburger the Hoplite (Octopode Warper)        Turns: 80789, Time: 05:27:40

HP:   0/196 (201)   AC: 36    Str: 12      XL:     27
MP:   23/35         EV: 30    Int:  9 (20) God:    Wu Jian [*****.]
Gold: 3626          SH: 26    Dex: 27 (32) Spells: 13/60 levels left

rFire   + . .      SeeInvis .   O - +9 broad axe (flame)
rCold   . . .      Faith    .   z - +0 tower shield
rNeg    + + .      Spirit   .   y - +2 hat
rPois   ∞          Reflect  .   B - amulet of Vitality {Regen+ HP+15}
rElec   +          Harm     .   g - +4 ring of protection
rCorr   +          Rampage  .   u - ring of Geud {rPois rN+ Dex+7}
Will    +++..      Rage     9%  A - +4 ring of protection
Stlth   +++++++... Rnd*Tele +   n - ring of the Raven {Fly rCorr Str+4 Int+8 Slay+3}
HPRegen 0.00/turn               J - ring "Zynk" {rF+ Will+}
MPRegen 0.24/turn               S - +6 ring of dexterity
                                X - +4 ring of protection
                                Q - +4 ring of slaying

@: statue-form (expiring), sick, flying, very slightly contaminated, lightly
drained, unable to read, very slow
A: slow and powerful, torment resistance 1, boosted hp, almost no armour,
amphibious, 8 rings, camouflage 1, (gelatinous body 1), (nimble swimmer 1),
tentacles, tentacle spike 1, (iridescent scales 2), clumsy 2, deterioration 2,
dopey 2, low MP 2, screaming 2, teleportitis 2, inability to read while
threatened, devolution 1, berserk 1[+2], frail 1[+2], [weak 2], subdued magic
1[+2]
}: 4/15 runes: barnacled, slimy, silver, gossamer
a: End Transformation, Renounce Religion, Wall Jump, Serpent's Lash, Heavenly
Storm


You were on level 5 of the Abyss.
You worshipped Wu Jian.
Wu Jian was extremely pleased with you.
You were a living statue of rough stone.
You visited 11 branches of the dungeon, and saw 54 of its levels.
You visited the Abyss 1 time.
You also visited: Sewer.

You collected 7075 gold pieces.
You spent 3449 gold pieces at shops.

Inventory:

Hand Weapons
 O - a +9 broad axe of flaming (weapon)
 R - a +5 broad axe of flaming
Missiles
 w - 17 throwing nets
 D - 39 boomerangs
 M - 14 silver javelins (quivered)
 Y - 7 javelins
Armour
 y - a +2 hat (worn)
 z - a +0 tower shield (worn)
Jewellery
 b - a ring of willpower
 c - a ring of wizardry
 g - a +4 ring of protection (left tentacle)
 i - the ring "Ivelehear" {Str+4 SInv}
   (You found it on level 3 of the Elven Halls)

   [ring of see invisible]

   Str:       It affects your strength (+4).
   SInv:      It lets you see invisible.
 m - the ring "Qeuxzuna" {rPois rF+ Dex+4}
   (You bought it in a shop on level 2 of the Elven Halls)

   [ring of protection from fire]

   Dex:       It affects your dexterity (+4).
   rF:        It protects you from fire.
   rPois:     It protects you from poison.
 n - the ring of the Raven (on tentacle) {Fly rCorr Str+4 Int+8 Slay+3}
   (You took it off a deep elf death mage on level 5 of the Vaults)

   [ring of resist corrosion]

   Str:       It affects your strength (+4).
   Int:       It affects your intelligence (+8).
   Slay:      It affects your accuracy & damage with ranged weapons and melee
   (+3).
   Fly:       It grants you flight.
   rCorr:     It protects you from acid and corrosion.
 u - the ring of Geud (right tentacle) {rPois rN+ Dex+7}
   (You bought it in a shop on level 2 of the Orcish Mines)

   [ring of poison resistance]

   Dex:       It affects your dexterity (+7).
   rPois:     It protects you from poison.
   rN:        It protects you from negative energy.
 A - a +4 ring of protection (on tentacle)
 B - the amulet of Vitality (around mantle) {Regen+ HP+15}
   (You took it off a spriggan rider on level 3 of the Depths)

   [amulet of regeneration]

   HP:        It affects your health (+15).
   Regen:     It increases your rate of health regeneration.
 H - a ring of protection from cold
 I - a ring of protection from fire
 J - the ring "Zynk" (on tentacle) {rF+ Will+}
   (You found it on level 3 of the Elven Halls)

   [ring of willpower]

   rF:        It protects you from fire.
   Will:      It increases your willpower.
 Q - a +4 ring of slaying (on tentacle)
 S - a +6 ring of dexterity (on tentacle)
 X - a +4 ring of protection (on tentacle)
Wands
 a - a wand of charming (24)
 o - a wand of acid (25)
 E - a wand of mindburst (43)
 F - a wand of iceblast (27)
 K - a wand of digging (8)
 T - a wand of paralysis (16)
 W - a wand of polymorph (8)
Scrolls
 k - 9 scrolls of fear
 l - 3 scrolls of immolation
 r - 9 scrolls of blinking
 s - 2 scrolls of amnesia
 v - 6 scrolls of holy word
 C - 21 scrolls of teleportation
 G - 3 scrolls of magic mapping
 L - 7 scrolls of fog
 N - 2 scrolls of silence
 U - 3 scrolls of torment
Potions
 d - 5 potions of resistance
 e - 6 potions of haste
 f - 3 potions of might
 h - 14 potions of brilliance
 j - 7 potions of magic
 x - 6 potions of curing
 P - 10 potions of attraction
 Z - a potion of invisibility


   Skills:
 - Level 20.0 Fighting
 + Level 18.4(18.5) Axes
 - Level 3.0(12.4) Maces & Flails
 - Level 5.7 Throwing
 - Level 18.6 Dodging
 - Level 13.7 Stealth
 + Level 21.4 Shields
 - Level 17.3 Spellcasting
 + Level 8.8 Summonings
 - Level 19.3 Necromancy
 - Level 5.0 Translocations
 - Level 12.0 Transmutations
 - Level 5.0 Air Magic
 - Level 12.0 Earth Magic
 - Level 4.3 Evocations


You had 13 spell levels left.
You knew the following spells:

 Your Spells              Type           Power      Damage    Failure   Level
a - Blink                 Tloc           16%        N/A       1%          2
b - Lesser Beckoning      Tloc           8%         N/A       1%          3
c - Teleport Other        Tloc           8%         N/A       1%          3
d - Gell's Gravitas       Tloc           8%         N/A       1%          3
e - Swiftness             Air            8%         N/A       1%          3
f - Summon Lightning Spi  Summ/Air       10%        N/A       3%          4
g - Borgnjor's Vile Clut  Necr/Erth      9%         N/A       1%          5
h - Passage of Golubria   Tloc           8%         N/A       9%          4
i - Statue Form           Tmut/Erth      10%        N/A       8%          6
j - Infestation           Necr           11%        N/A       17%         8
k - Summon Cactus Giant   Summ           6%         N/A       32%         6

Your spell library contained the following spells:

 Spells                   Type           Power      Damage    Failure   Level
 Animate Skeleton         Necr           44%        N/A       0%          1
 Beastly Appendage        Tmut           30%        N/A       0%          1
 Pain                     Necr           88%        1d8       0%          1
 Passwall                 Tmut/Erth      12%        N/A       0%          2
 Wereblood                Tmut           15%        N/A       0%          2
 Vampiric Draining        Necr           22%        2d7       0%          3
 Animate Dead             Necr           11%        N/A       0%          4
 Dispel Undead            Necr           22%        3d12      0%          4
 Excruciating Wounds      Necr           11%        N/A       0%          5
 Apportation              Tloc           16%        N/A       1%          1
 Shock                    Conj/Air       24%        1d4       1%          1
 Sting                    Tmut/Pois      36%        1d4       1%          1
 Summon Small Mammal      Summ           48%        N/A       1%          1
 Call Imp                 Summ           12%        N/A       1%          2
 Call Canine Familiar     Summ           12%        N/A       1%          3
 Spider Form              Tmut/Pois      9%         N/A       1%          3
 Anguish                  Hex/Necr       6%         N/A       1%          4
 Blade Hands              Tmut           7%         N/A       1%          5
 Lee's Rapid Deconstruct  Erth           7%         3d8*      1%          5
 Poisonous Vapours        Pois/Air       12%        N/A       3%          2
 Static Discharge         Conj/Air       6%         N/A       3%          2
 Ignite Poison            Fire/Tmut/Pois 7%         N/A       3%          3
 Ice Form                 Ice/Tmut       9%         N/A       5%          4
 Leda's Liquefaction      Hex/Erth       4%         N/A       5%          4
 Foxfire                  Conj/Fire      16%        2x1d4     7%          1
 Freeze                   Ice            16%        1d4       7%          1
 Magic Dart               Conj           16%        1d3       7%          1
 Portal Projectile        Hex/Tloc       12%        N/A       7%          3
 Airstrike                Air            4%         N/A       9%          4
 Ensorcelled Hibernation  Hex/Ice        8%         N/A       11%         2
 Mephitic Cloud           Conj/Pois/Air  5%         N/A       11%         3
 Summon Ice Beast         Ice/Summ       8%         N/A       12%         4
 Summon Forest            Summ/Tloc      5%         N/A       12%         5
 Alistair's Intoxication  Tmut/Pois      6%         N/A       17%         5
 Irradiate                Conj/Tmut      4%         3d14      17%         5
 Yara's Violent Unravell  Hex/Tmut       4%         3d4       17%         5
 Haunt                    Necr/Summ      8%         N/A       21%         7
 Simulacrum               Ice/Necr       6%         N/A       22%         6
 Conjure Flame            Conj/Fire      4%         6-21      24%         3
 Frozen Ramparts          Ice            8%         1d2       24%         3
 Inner Flame              Hex/Fire       4%         N/A       24%         3
 Ozocubu's Armour         Ice            4%         N/A       24%         3
 Tukima's Dance           Hex            4%         N/A       24%         3
 Iskenderun's Mystic Bla  Conj/Tloc      6%         2d4       28%         4
 Manifold Assault         Tloc           8%         N/A       28%         5
 Summon Mana Viper        Hex/Summ       8%         N/A       36%         5
 Dragon Form              Tmut           7%         N/A       45%         7
 Flame Wave               Conj/Fire      4%         2d5       65%         4
 Hailstorm                Conj/Ice       4%         3d4       65%         4
 Olgreb's Toxic Radiance  Pois           4%         N/A       65%         4
 Sticky Flame             Conj/Fire      4%         2d3       65%         4
 Lightning Bolt           Conj/Air       3%         1d14      65%         5
 Eringya's Noxious Bog    Tmut/Pois      4%         N/A       75%         6
 Freezing Cloud           Conj/Ice/Air   2%         6-21      78%         5
 Dispersal                Tloc           4%         N/A       88%         6
 Summon Hydra             Summ           6%         N/A       90%         7
 Storm Form               Tmut/Air       6%         N/A       94%         7
 Fireball                 Conj/Fire      2%         3d4       95%         5
 Iskenderun's Battlesphe  Conj           4%         2d6       95%         5
 Metabolic Englaciation   Hex/Ice        2%         N/A       95%         5
 Death's Door             Necr           11%        N/A       98%         9
 Conjure Ball Lightning   Conj/Air       3%         3x3d6     99%         6
 Starburst                Conj/Fire      2%         6d3       100%        6
 Enfeeble                 Hex            2%         N/A       100%        7
 Orb of Destruction       Conj           2%         9d5       100%        7
 Ozocubu's Refrigeration  Ice            2%         4d5       100%        7
 Discord                  Hex            2%         N/A       100%        8
 Disjunction              Tloc           4%         N/A       100%        8
 Ignition                 Fire           2%         3d3       100%        8
 Maxwell's Capacitive Co  Air            4%         ∞         100%        8
 Fire Storm               Conj/Fire      2%         8d1       100%        9
 Polar Vortex             Ice            2%         N/A       100%        9


Dungeon Overview and Level Annotations

Branches:
Dungeon (15/15)            Temple (1/1) D:6            Lair (6/6) D:9
 Shoals (4/4) Lair:2       Spider (4/4) Lair:3        Slime (5/5) Lair:5
    Orc (2/2) D:12            Elf (3/3) Orc:2        Vaults (5/5) D:13
  Crypt (0/3) Vaults:3     Depths (4/4) D:15            Zot (5/5) Depths:4
  Sewer (visited)

Altars:
Ashenzari
Cheibriados
Dithmenos
Elyvilon
Fedhas
Gozag
Hepliaklqana
Kikubaaqudgha
Makhleb
Nemelex Xobeh
Okawaru
Qazlal
Ru
Sif Muna
Trog
Uskayaw
Vehumet
Wu Jian
Xom
Yredelemnul
Zin
The Shining One
Beogh
Jiyva
Lugonu

Shops:
D:12 :   D:14 !   Orc:2 ([[=   Elf:1 (   Elf:2 =   Elf:3 (   Shoals:3 **[*(
Vaults:4 *

Portals:
Hell: Depths:1 Depths:2 Depths:3 Depths:4
Abyss: Lair:6 Depths:3 Depths:4
Pandemonium: Depths:1 Depths:2 Depths:4
Ziggurat: Depths:1
Trove: Depths:1 (give 2 scrolls of acquirement)

Annotations:
D:8 2 transporters, jimonade's ghost, novice GnWn
Elf:1 1 runed translucent door
Abyss:5 1 transporter


Innate Abilities, Weirdness & Mutations

You are a living statue of rough stone.
Your actions are slow, but your melee attacks are powerful.
You are resistant to unholy torment.
Your maximum health is greatly increased.
You are immune to poison.
You cannot wear most types of armour.
You are amphibious.
You can wear up to eight rings at the same time.
Your skin changes colour to match your surroundings (Stealth+).
((Your rubbery body absorbs attacks. (AC +1, EV +1)))
((You are camouflaged when in or above water. (Stealth+)))
You have tentacles for arms and can constrict up to eight enemies at once.
One of your tentacles bears a spike.
((You are mostly covered in iridescent scales. (AC +4)))
You are very clumsy. (Dex -4)
Your body often deteriorates upon taking damage.
You are very dopey. (Int -4)
Your magical capacity is very low. (-20% MP)
You frequently scream uncontrollably at your foes.
You are sometimes teleported next to monsters.
You sometimes lose the ability to read scrolls when taking damage.
You have hidden genetic defects.
[You have an uncontrollable temper.]
[You are extremely frail. (-30% HP)]
[You are very weak. (Str -4)]
[Your spells are much easier to cast, but much less powerful.]


Message History

You slice the purple very ugly thing!! You burn the purple very ugly thing.
You pierce the purple very ugly thing, but do no damage.
The purple very ugly thing is moderately wounded.
You hit the Hell Sentinel.
Your transformation is almost over.
You block the purple very ugly thing's attack.
You slice the purple very ugly thing!! You burn the purple very ugly thing.
Your tentacle spike misses the purple very ugly thing.
You squeeze the purple very ugly thing!!
The purple very ugly thing is severely wounded.
You hit the Hell Sentinel.
You block the Hell Sentinel's attack. x2
The purple very ugly thing barely misses you.
A green draconian monk comes into view.
You scream at the green draconian monk!
The tormentor says, "I know a thousand and one ways to kill you."
You hit the purple very ugly thing. You burn the purple very ugly thing.
You pierce the purple very ugly thing.
The purple very ugly thing is severely wounded.
You hit the Hell Sentinel but do no damage.
You block the Hell Sentinel's attack. The Hell Sentinel misses you.
You block the purple very ugly thing's attack.
Unknown command.
Okay, then.
You cannot read scrolls in your current state!
Okay, then.
You cannot read scrolls in your current state!
Casting: Blink (safe; 1% risk of failure)
Confirm with . or Enter, or press ? or * to list all spells.
Aiming: Infestation (dangerous; 17% risk of failure)
Press: ? - help, Dir - move target, f - Hell Sentinel
Aim: a Hell Sentinel (lightly wounded)
You call forth a plague of scarabs!
The Hell Sentinel is infested!
The balrug is infested!
The tormentor is infested!
The purple very ugly thing is infested!
The Executioner is infested!
The draconian is infested!
You block the Hell Sentinel's attack.
The Hell Sentinel hits you but does no damage.
The purple very ugly thing engulfs you!
* * * LOW HITPOINT WARNING * * *
The Hell Sentinel hits you!
You die...

##....
.....
.... ..d
.q ##
##'#
#.##21##
#...2u8#
+#..1###
#...' #
+#...# #
#......#
#§## .##
##### #


You could see a Hell Sentinel (infested), a green draconian monk, a purple very
ugly thing (infested), a balrug (infested), an Executioner (fast, infested), a
draconian (infested) and a tormentor (infested).

Vanquished Creatures
  the Royal Jelly (Slime:5)
  10 dread liches
  5 ancient liches
  7 orbs of fire
  Mennas (Depths:4)
  2 juggernauts (Depths:1)
  Saint Roka (Depths:3)
  Frederick (Depths:3)
  5 Killer Klowns
  3 curse toes
  12 golden dragons
  A caustic shrike (Depths:3)
  Nikola (Depths:1)
  5 profane servitors
  8 bone dragons
  2 electric golems (Zot:5)
  30 tentacled monstrosities
  A Hell Sentinel (Abyss:5)
  Rupert (D:14)
  2 hellephants (Depths:4)
  Jorgrun (D:12)
  22 Orb Guardians (Zot:5)
  Asterion (Elf:2)
  8 quicksilver dragons
  6 titans
  3 deep elf blademasters
  2 deep elf master archers (Elf:3)
  2 walking earthen tomes
  An Executioner (Abyss:5)
  The ghost of fragbeetle the Brawler, an adept TrGl of Wu Jian (Vaults:1)
  5 liches
  15 acid blobs
  2 krakens
  11 death cobs
  23 storm dragons
  10 tentacled starspawn
  The ghost of ChongLi the Wallflower, an adept DsFi of Uskayaw (Vaults:1)
  4 sphinxes
  8 shadow dragons
  4 tengu reavers
  Polyphemus (Shoals:2)
  4 draconian monks
  3 draconian knights
  2 revenants
  Donald (Shoals:1)
  9 deep elf sorcerers
  12 frost giants
  9 fire giants
  8 rockslimes
  2 daevas
  A balrug (Depths:2)
  11 azure jellies
  7 iron dragons
  14 vault wardens
  The ghost of arthad the Cleaver, an adept VSFi of Makhleb (Shoals:3)
  4 emperor scorpions
  Louise (Depths:3)
  Aizul (Elf:3)
  3 cacodemons
  A draconian stormcaller (Zot:2)
  2 draconian shifters
  3 draconian scorchers
  The ghost of Piopsagem the Geomancer, a journeyman DgEE (D:14)
  8 ghost moths
  5 orc warlords
  A caustic shrike zombie (Abyss:3)
  4 draconian annihilators
  4 deep elf elementalists (Elf:3)
  13 ironbound preservers
  9 quicksilver oozes
  2 spriggan defenders
  A war gargoyle (Vaults:5)
  7 broodmothers
  24 very ugly things
  A caustic shrike skeleton (Abyss:3)
  3 ironbound thunderhulks
  17 stone giants
  11 deep elf annihilators
  9 deep elf demonologists
  16 green draconians
  2 vampire knights
  Azrael (D:15)
  13 purple draconians
  8 entropy weavers
  6 black draconians
  7 red draconians
  9 yellow draconians
  12 dire elephants
  21 spark wasps
  10 white draconians
  14 ettins
  A blizzard demon (Abyss:5)
  An eidolon (Abyss:5)
  Snorg (Lair:6)
  10 merfolk impalers
  3 merfolk javelineers
  A spriggan zombie (Abyss:3)
  7 deep elf death magi
  Josephine (D:12)
  6 fire dragons
  6 deep elf high priests
  A green death (Abyss:1)
  12 ice dragons
  10 great orbs of eyes
  13 yaktaur captains
  6 rakshasas
  8 boulder beetles
  11 hydras
  Fannar (Lair:2)
  38 vault guards
  The ghost of Acetwo5 the Destroyer, a journeyman DsFE of Vehumet (Lair:2)
  6 spriggan air magi
  A merfolk aquamancer (Shoals:1)
  A catoblepas (Shoals:2)
  A death knight (D:15)
  4 ogre magi
  A merfolk avatar (Shoals:3)
  2 jorogumos
  15 centaur warriors
  28 dancing weapons
  4 satyrs
  A radroach (Spider:4)
  2 deep troll shamans (Depths:3)
  11 two-headed ogres
  2 ironbound frosthearts (Vaults:1)
  6 deep troll earth magi
  2 anacondas (shapeshifter)
  6 death yaks
  6 tengu warriors
  9 hell hogs
  9 spriggan berserkers
  A vampire mage (Depths:2)
  4 orc high priests (Orc:2)
  Urug (Lair:6)
  2 soul eaters (Depths:2)
  2 sun demons
  Sonja (D:11)
  29 thrashing horrors
  19 deep elf knights
  A titan zombie (Abyss:1)
  22 hell knights
  5 skeletal warriors (Vaults:3)
  5 sixfirhies
  19 wretched stars
  5 spatial maelstroms
  3 sun moths
  10 glowing orange brains
  8 pharaoh ants
  A salamander mystic (Depths:2)
  51 deep trolls
  3 iron trolls
  2 shadow wraiths (Abyss:5)
  12 orb spiders
  17 sea snakes
  7 steelbarb worms
  2 flayed ghosts (Depths:3)
  A shadow demon (Abyss:5)
  31 harpies
  10 orc knights
  An obsidian statue (Zot:5)
  A golden dragon skeleton (Depths:1)
  18 deep elf zephyrmancers
  Pikel (D:4)
  9 deep elf archers
  11 ironbound convokers
  8 necromancers
  3 lindwurms
  8 orc sorcerers
  A tengu skeleton (Vaults:3)
  7 wizards
  3 phantasmal warriors
  41 deep elf pyromancers
  A mana viper (shapeshifter) (Depths:3)
  31 fauns
  4 salamanders (Depths:2)
  5 cyclopes
  60 ugly things
  A cyclops (shapeshifter) (Vaults:5)
  13 manticores
  4 shining eyes
  8 worldbinders
  14 elephants
  A stone giant skeleton (Vaults:3)
  A moth of wrath (shapeshifter) (Elf:3)
  25 wolf spiders
  A frost giant skeleton (Depths:1)
  11 merfolk sirens
  5 rust devils
  23 moths of wrath
  17 smoke demons
  2 eyes of devastation (Slime:5)
  4 apocalypse crabs
  7 water nymphs
  2 gargoyles (D:13)
  4 black mambas
  6 orange demons
  11 cane toads
  10 torpor snails
  A naga skeleton (Abyss:3)
  7 kobold demonologists
  21 vault sentinels
  4 demonic crawlers
  A yaktaur (shapeshifter) (Elf:3)
  Maggie (D:8)
  3 rime drakes
  3 freezing wraiths
  5 efreet
  10 komodo dragons
  4 tormentors
  2 unseen horrors (D:12)
  2 spriggan skeletons
  29 yaktaurs
  An ice devil (Depths:1)
  3 tengu conjurers
  6 hellwings
  7 trolls
  21 ancient zymes
  A harpy zombie (Abyss:1)
  A merfolk (shapeshifter) (Depths:1)
  A queen bee (shapeshifter) (Vaults:5)
  51 merfolk
  12 meliai
  A silent spectre (Abyss:2)
  4 polar bears
  A troll (shapeshifter) (Elf:3)
  A wolf spider simulacrum (D:15)
  29 tarantellas
  9 wind drakes
  A wind drake (shapeshifter) (Vaults:5)
  A yaktaur skeleton (Vaults:3)
  9 hornets
  94 slime creatures
  A harpy skeleton (Abyss:1)
  67 raiju
  27 blink frogs
  2 snapping turtles (shapeshifter) (Vaults:5)
  2 dream sheep (Lair:6)
  4 snapping turtles
  2 centaur simulacra (Abyss:1)
  A stone giant simulacrum (Depths:1)
  39 jumping spiders
  3 shadows
  17 culicivoras
  106 starcursed masses
  15 ynoxinuls
  2 spriggans (shapeshifter)
  7 flying skulls
  A culicivora (shapeshifter) (D:13)
  12 wyverns
  9 spriggans
  11 water elementals
  45 yaks
  A vampire (D:10)
  7 air elementals
  8 wraiths
  A fire bat (Abyss:1)
  9 basilisks
  3 golden eyes (Abyss:5)
  14 neqoxecs
  74 large abominations
  A steam dragon (D:5)
  3 fire elementals
  81 redbacks
  A redback (shapeshifter) (Elf:2)
  2 vampire mosquitoes
  16 chaos spawn
  5 spatial vortices (Abyss:5)
  6 wargs
  An acid dragon (D:10)
  2 elf skeletons (Vaults:3)
  13 hell hounds
  15 water moccasins
  2 ogre skeletons (Vaults:3)
  46 orc warriors
  A black bear (D:5)
  A hornet zombie (D:9)
  2 ice beasts
  2 sky beasts
  16 ogres
  A necrophage (D:4)
  15 centaurs
  6 human skeletons (Vaults:3)
  38 wolves
  6 boggarts
  A tengu (shapeshifter) (Lair:6)
  3 phantoms
  4 lemures (D:3)
  6 bullfrogs
  8 kobold brigands
  A gnoll sergeant (D:7)
  3 earth elementals
  A water moccasin zombie (D:6)
  5 scorpions
  A water moccasin skeleton (D:5)
  34 small abominations
  12 killer bees
  13 wights
  7 howler monkeys
  An electric eel (Lair:2)
  A bullfrog zombie (D:5)
  3 quasits (Abyss:2)
  8 centaur zombies
  2 hounds
  6 jellies
  2 centaur skeletons
  2 gnoll shamans
  32 orc priests
  Crazy Yiuf (D:3)
  4 iron imps
  Natasha (thrice) (D:4)
  4 iguanas
  28 orc wizards
  A scorpion zombie (D:5)
  2 hound skeletons (D:4)
  A howler monkey zombie (D:6)
  2 howler monkey skeletons
  12 adders
  12 gnolls
  3 river rats
  4 white imps
  An ufetubus (Abyss:3)
  An adder zombie (D:5)
  2 worms
  A dart slug (D:2)
  122 orcs
  7 ball pythons
  5 endoplasms
  5 giant cockroaches
  6 hobgoblins
  3 jackals (Sewer)
  6 quokkas
  5 bats
  6 frilled lizards
  5 goblins
  18 kobolds
  9 rats
  6 lurking horrors
  9 starspawn tentacles (Abyss:5)
  4 tentacles (Shoals:2)
3053 creatures vanquished.

Vanquished Creatures (collateral kills)
  A golden dragon (Zot:5)
  A tentacled monstrosity (Zot:5)
  3 Orb Guardians (Zot:5)
  A storm dragon (Zot:5)
  4 slime creatures (Slime:1)
10 creatures vanquished.

Vanquished Creatures (others)
  A fire giant (Depths:3)
  Nessos (Lair:6)
  2 red draconians (Zot:3)
  4 deep elf knights
  3 large abominations (Abyss:5)
  A phantasmal warrior (Vaults:1)
  A wizard (D:10)
  A harpy (Shoals:4)
  A yaktaur (Vaults:4)
  A guardian mummy (Zot:1)
  A merfolk (Shoals:4)
  A hornet (Depths:3)
  A slime creature (Slime:2)
  A water elemental (Elf:1)
  An orc warrior (Depths:4)
  A small abomination (Abyss:5)
  An orc priest (Depths:4)
  An orc wizard (Elf:1)
  An orc (Elf:1)
  38 fungi
  A lurking horror (Abyss:5)
  290 plants
  18 starspawn tentacles
  7 tentacles
  4 withered plants (Vaults:1)
383 creatures vanquished.

Grand Total: 3446 creatures vanquished

Notes
Turn   | Place    | Note
-------+----------+-------------------------------------------
     0 | D:1      | sizableburger the Octopode Warper began the quest for the
                  | Orb.
     0 | D:1      | Reached XP level 1. HP: 14/14 MP: 3/3
    64 | D:1      | Found a faded altar of an unknown god.
   781 | D:1      | Reached XP level 2. HP: 18/19 MP: 5/5
  1431 | D:2      | Reached XP level 3. HP: 24/25 MP: 6/6
  1762 | D:2      | Reached XP level 4. HP: 30/30 MP: 7/7
  2127 | D:3      | Found an iron altar of Okawaru.
  2133 | D:3      | Learned a level 2 spell: Blink
  2258 | D:3      | Reached skill level 1 in Maces & Flails
  2366 | D:4      | Noticed a phantom
  2379 | D:3      | Killed a phantom
  2380 | D:3      | Reached XP level 5. HP: 36/36 MP: 8/8
  2415 | D:4      | Noticed a phantom
  2702 | D:4      | Noticed Natasha
  2710 | D:4      | Killed Natasha
  2711 | D:4      | Reached XP level 6. HP: 29/43 MP: 9/9
  3376 | D:4      | Reached XP level 7. HP: 49/49 MP: 10/10
  3441 | D:4      | Noticed Natasha
  3453 | D:4      | Killed Natasha
  3467 | D:4      | Noticed Natasha
  3472 | D:4      | Killed Natasha
  3473 | D:4      | Reached skill level 5 in Dodging
  3575 | D:4      | Noticed Pikel
  3669 | D:3      | Found a runed translucent door.
  3670 | D:3      | Noticed Crazy Yiuf
  3706 | D:3      | Killed Crazy Yiuf
  3707 | D:3      | Reached skill level 5 in Fighting
  4301 | D:4      | Killed Pikel
  4302 | D:4      | Reached XP level 8. HP: 30/57 MP: 11/11
  4462 | D:5      | Entered Level 5 of the Dungeon
  4477 | D:4      | Reached skill level 5 in Axes
  4612 | D:5      | Found a shadowy altar of Dithmenos.
  4612 | D:5      | Noticed a wyvern
  4753 | D:4      | Killed a wyvern
  5067 | D:5      | Reached XP level 9. HP: 49/63 MP: 12/12
  5924 | D:5      | Learned a level 3 spell: Lesser Beckoning
  6804 | D:6      | Found a glowing drain.
  6852 | Sewer    | Entered a sewer
  7039 | Sewer    | Learned a level 3 spell: Teleport Other
  7043 | Sewer    | Learned a level 3 spell: Gell's Gravitas
  7819 | D:6      | Found a staircase to the Ecumenical Temple.
  7858 | Temple   | Entered the Ecumenical Temple
  8020 | Temple   | Became a worshipper of the Wu Jian Council
  9284 | D:7      | Reached skill level 1 in Shields
  9284 | D:7      | Reached XP level 10. HP: 65/72 MP: 10/13
  9285 | D:7      | Reached skill level 5 in Translocations
  9715 | D:7      | Reached skill level 2 in Shields
  9843 | D:7      | Reached skill level 1 in Evocations
  9950 | D:8      | Found a transporter.
 10281 | D:8      | Noticed Maggie
 10305 | D:8      | Reached * piety under Wu Jian
 10315 | D:8      | Reached skill level 3 in Shields
 10329 | D:8      | Killed Maggie
 10791 | D:8      | Found a transporter.
 10796 | D:8      | Noticed jimonade's ghost (novice GnWn)
 10801 | D:8      | Found a bloodstained altar of Trog.
 10810 | D:8      | Noticed a moth of wrath
 11527 | D:8      | Reached skill level 4 in Shields
 12515 | D:9      | Reached skill level 5 in Shields
 12659 | D:9      | Reached XP level 11. HP: 63/77 MP: 11/14
 12815 | D:9      | Found a staircase to the Lair.
 13550 | D:9      | Reached ** piety under Wu Jian
 13991 | Lair:1   | Entered Level 1 of the Lair of Beasts
 14015 | D:9      | Reached skill level 6 in Shields
 14428 | Lair:1   | Noticed a spriggan rider
 14468 | D:10     | Entered Level 10 of the Dungeon
 15113 | D:10     | Learned a level 3 spell: Swiftness
 15178 | D:10     | Reached skill level 10 in Axes
 15179 | D:10     | Reached skill level 1 in Air Magic
 15382 | D:10     | Noticed a boulder beetle
 15392 | D:10     | Reached skill level 7 in Shields
 15804 | D:10     | Noticed a wizard
 15812 | D:10     | Killed a wizard
 16631 | D:10     | Noticed a soul eater
 16729 | D:10     | Noticed a sixfirhy
 16749 | D:9      | Noticed a sixfirhy
 17300 | D:9      | Reached XP level 12. HP: 25/84 MP: 5/15
 17487 | D:9      | Reached *** piety under Wu Jian
 17916 | Lair:1   | Reached skill level 5 in Air Magic
 18655 | D:9      | Killed a boulder beetle
 19310 | Lair:1   | Found a glowing silver altar of Zin.
 20925 | Lair:2   | Found a runed translucent door.
 21056 | Lair:2   | Reached skill level 1 in Stealth
 21079 | Lair:2   | Noticed Fannar
 21087 | Lair:2   | Killed Fannar
 21139 | Lair:2   | Reached skill level 10 in Fighting
 21195 | Lair:2   | Found a staircase to the Shoals.
 21495 | Lair:2   | Noticed Acetwo5's ghost (journeyman DsFE)
 21524 | Lair:2   | Killed Acetwo5's ghost
 21742 | Lair:3   | Found a hole to the Spider Nest.
 21803 | Lair:3   | Reached skill level 5 in Stealth
 21864 | Lair:2   | Reached XP level 13. HP: 29/93 MP: 18/18
 22221 | Lair:3   | Reached **** piety under Wu Jian
 24210 | Lair:4   | Learned a level 4 spell: Summon Lightning Spire
 24318 | Lair:5   | Reached skill level 1 in Summonings
 24463 | Lair:5   | Found a runed translucent door.
 24463 | Lair:5   | Found a viscous altar of Jiyva.
 24464 | Lair:5   | Noticed an acid blob
 24466 | Lair:5   | Noticed an acid blob
 24472 | Lair:5   | You fall into a shaft and drop 1 floor!
 24472 | Lair:6   | Entered Level 6 of the Lair of Beasts
 24527 | Lair:4   | Reached skill level 8 in Shields
 24918 | Lair:6   | Noticed Nessos
 25092 | Lair:5   | Found a staircase to the Slime Pits.
 25572 | Lair:6   | Reached XP level 14. HP: 64/101 MP: 19/19
 25572 | Lair:6   | Noticed Urug
 25576 | Lair:6   | Your ally Nessos died
 25892 | Lair:6   | Killed Urug
 26024 | Lair:6   | Reached skill level 9 in Shields
 26313 | Lair:6   | Reached skill level 5 in Summonings
 26389 | Lair:6   | Reached ***** piety under Wu Jian
 26525 | Lair:6   | Noticed a quicksilver ooze
 26762 | Lair:6   | Reached skill level 10 in Shields
 26910 | Lair:6   | Killed a quicksilver ooze
 27140 | Lair:6   | Noticed Snorg
 27151 | Lair:6   | Killed Snorg
 27887 | Lair:6   | Reached skill level 5 in Spellcasting
 27889 | Lair:6   | Found a corrupted altar of Lugonu.
 27889 | Lair:6   | Found a one-way gate to the infinite horrors of the Abyss.
 28020 | Lair:6   | Reached XP level 15. HP: 79/106 MP: 22/22
 28279 | D:11     | Reached skill level 15 in Axes
 28284 | D:11     | Reached skill level 11 in Shields
 28607 | D:11     | Noticed Sonja
 28626 | D:11     | Killed Sonja
 28763 | D:11     | You fall into a shaft and drop 2 floors!
 28868 | D:12     | Noticed Josephine
 29638 | D:12     | Killed Josephine
 29723 | D:12     | Found a staircase to the Orcish Mines.
 29749 | D:12     | Reached ****** piety under Wu Jian
 29769 | D:12     | Found Zopearaq's Book Emporium.
 29793 | D:12     | Bought a book of Death for 616 gold pieces
 29848 | D:12     | Noticed Jorgrun
 29859 | D:12     | Killed Jorgrun
 29860 | D:12     | Reached skill level 1 in Necromancy
 30168 | Orc:1    | Entered Level 1 of the Orcish Mines
 30225 | Orc:1    | Noticed an orc warlord
 30360 | D:12     | Killed an orc warlord
 30904 | Orc:2    | Entered Level 2 of the Orcish Mines
 30913 | Orc:2    | Reached skill level 12 in Shields
 31243 | Orc:2    | Noticed an orc warlord
 31698 | Orc:2    | Found a staircase to the Elven Halls.
 31805 | Orc:2    | Reached skill level 5 in Necromancy
 31884 | Orc:2    | Found Wetar's Antique Armour Shop.
 32080 | Orc:2    | Noticed an orc warlord
 32244 | Orc:2    | Killed an orc warlord
 32414 | Orc:2    | Found Esask's Weapon Boutique.
 32431 | Orc:2    | Found Momughano's Antique Armour Shop.
 32438 | Orc:2    | Reached XP level 16. HP: 106/112 MP: 25/25
 32446 | Orc:2    | Bought a runed kite shield for 210 gold pieces
 32548 | Orc:2    | Paralysed by an orc sorcerer for 5 turns
 32672 | Orc:2    | Found Umeupt Nuis's Jewellery Boutique.
 32684 | Orc:2    | Bought the ring of Geud {rPois rN+ Dex+7} for 734 gold
                  | pieces
 33654 | D:13     | Found a gate to the Vaults.
 34086 | D:13     | Reached skill level 10 in Dodging
 34309 | D:14     | Found a broken altar of Ashenzari.
 34356 | D:14     | Noticed Piopsagem's ghost (journeyman DgEE)
 34563 | D:14     | Noticed Rupert
 34572 | D:14     | Paralysed by Rupert for 2 turns
 34577 | D:14     | Killed Rupert
 34745 | D:14     | Found a runed translucent door.
 34764 | D:14     | Found Cicoelaena's Distillery.
 34772 | D:14     | Bought a potion of berserk rage for 95 gold pieces
 34828 | D:14     | Learned a level 4 spell: Animate Dead
 34833 | D:14     | Learned a level 4 spell: Passage of Golubria
 34856 | D:14     | Found an ornate altar of the Wu Jian Council.
 34970 | D:14     | Killed Piopsagem's ghost
 35021 | D:14     | Identified the +9 dagger "Qeor" {holy, rC+ rCorr}
 35042 | D:15     | Entered Level 15 of the Dungeon
 35096 | D:15     | Reached skill level 13 in Shields
 35282 | D:15     | Found a staircase to the Depths.
 35464 | D:15     | Noticed Azrael
 35526 | D:15     | Killed Azrael
 35669 | D:14     | Reached skill level 10 in Necromancy
 36179 | Spider:1 | Entered Level 1 of the Spider Nest
 36183 | Spider:1 | Identified the +6 scale mail of Foolhardiness {Regen+
                  | Int+3}
 36256 | Spider:1 | Reached XP level 17. HP: 56/121 MP: 26/26
 36661 | Spider:1 | Identified the +5 quarterstaff "Fazxem" {holy, rN+ Str+3}
 37439 | Spider:1 | Gained mutation: Your magical capacity is low. (-10% MP)
                  | [potion of mutation]
 37439 | Spider:1 | Gained mutation: Your system is resistant to poisons.
                  | (rPois) [potion of mutation]
 37440 | Spider:1 | Lost mutation: Your magical capacity is low. (-10% MP)
                  | [potion of mutation]
 37440 | Spider:1 | Lost mutation: Your system is resistant to poisons. (rPois)
                  | [potion of mutation]
 37440 | Spider:1 | Gained mutation: Your system is resistant to poisons.
                  | (rPois) [potion of mutation]
 37440 | Spider:1 | Gained mutation: You are dopey. (Int -2) [potion of
                  | mutation]
 37441 | Spider:1 | Lost mutation: You are dopey. (Int -2) [potion of mutation]
 37441 | Spider:1 | Lost mutation: Your system is resistant to poisons. (rPois)
                  | [potion of mutation]
 37441 | Spider:1 | Gained mutation: [You tend to lose your temper in combat.]
                  | [potion of mutation]
 37441 | Spider:1 | Gained mutation: You are agile. (Dex +2) [potion of
                  | mutation]
 37441 | Spider:1 | Gained mutation: You are very agile. (Dex +4) [potion of
                  | mutation]
 37442 | Spider:1 | Lost mutation: You are very agile. (Dex +4) [potion of
                  | mutation]
 37442 | Spider:1 | Lost mutation: You are agile. (Dex +2) [potion of mutation]
 37442 | Spider:1 | Lost mutation: [You tend to lose your temper in combat.]
                  | [potion of mutation]
 37442 | Spider:1 | Gained mutation: One of your tentacles bears a spike.
                  | [potion of mutation]
 37442 | Spider:1 | Gained mutation: You are partially covered in iridescent
                  | scales. (AC +2) [potion of mutation]
 37483 | Spider:1 | Paralysed by a jorogumo for 3 turns
 38261 | Spider:2 | Reached skill level 14 in Shields
 39158 | Spider:3 | Learned a level 5 spell: Borgnjor's Vile Clutch
 39492 | Spider:3 | Reached skill level 1 in Earth Magic
 39989 | Spider:4 | Entered Level 4 of the Spider Nest
 40023 | Spider:3 | Reached XP level 18. HP: 130/130 MP: 27/27
 42094 | Spider:4 | Got a gossamer rune of Zot
 42333 | Spider:4 | Reached skill level 5 in Earth Magic
 42610 | Shoals:1 | Entered Level 1 of the Shoals
 42622 | Shoals:1 | Noticed Donald
 42635 | Shoals:1 | Killed Donald
 43818 | Shoals:2 | Reached XP level 19. HP: 138/138 MP: 28/28
 44372 | Shoals:2 | Noticed Polyphemus
 44389 | Shoals:2 | Reached skill level 15 in Fighting
 44403 | Shoals:2 | Killed Polyphemus
 44977 | Shoals:3 | Found Hall's Assorted Antiques.
 45071 | Shoals:3 | Bought a scroll of enchant weapon for 315 gold pieces
 45132 | Shoals:3 | Found Kourokh's Visitors' Centre.
 45132 | Shoals:3 | Found Kourokh's Merfolk Magic.
 45163 | Shoals:3 | Found Kourokh's Merfolk Armours.
 45163 | Shoals:3 | Found Kourokh's Merfolk Weapons.
 45397 | Shoals:3 | Found a runed translucent door.
 45417 | Shoals:3 | Reached skill level 1 in Transmutations
 45904 | Shoals:3 | Noticed arthad's ghost (adept VSFi)
 45924 | Shoals:3 | Killed arthad's ghost
 45966 | Shoals:4 | Entered Level 4 of the Shoals
 46071 | Shoals:4 | Identified the +8 spear "Ubocixel" {venom, rF+++ Will+++
                  | MP-9}
 46507 | Shoals:4 | Got a barnacled rune of Zot
 47473 | Shoals:3 | Bought a ring of willpower for 475 gold pieces
 47712 | Vaults:1 | Entered Level 1 of the Vaults
 48137 | Vaults:1 | Reached XP level 20. HP: 116/146 MP: 32/32
 48184 | Vaults:1 | Reached skill level 5 in Transmutations
 48809 | Vaults:1 | Identified the +5 long sword of Action {freeze, rF++ Will+
                  | Str+4 Int-5}
 49225 | Vaults:1 | Found a runed translucent gate.
 49226 | Vaults:1 | Found a runed translucent gate.
 49226 | Vaults:1 | Found a runed translucent gate.
 49228 | Vaults:1 | Noticed ChongLi's ghost (adept DsFi)
 49228 | Vaults:1 | Noticed fragbeetle's ghost (adept TrGl)
 49852 | Vaults:2 | Reached skill level 5 in Throwing
 51067 | Vaults:3 | Found a staircase to the Crypt.
 51850 | Vaults:3 | Reached skill level 15 in Shields
 51923 | Vaults:3 | Reached XP level 21. HP: 153/153 MP: 34/34
 52758 | Vaults:4 | Identified the +10 arbalest of Lelyrr {venom, rPois}
 52900 | Vaults:4 | Found Peykhlae's General Store.
 52914 | Vaults:4 | Bought a scroll of brand weapon for 380 gold pieces
 53088 | Vaults:4 | Reached skill level 10 in Stealth
 53983 | Vaults:5 | Entered Level 5 of the Vaults
 54027 | Vaults:5 | Reached skill level 10 in Earth Magic
 54045 | Vaults:5 | Reached skill level 10 in Transmutations
 54071 | Vaults:5 | Reached XP level 22. HP: 66/163 MP: 35/35
 54085 | Vaults:5 | Noticed a golden dragon
 54269 | Vaults:4 | Killed a golden dragon
 54417 | Vaults:5 | Noticed an ancient lich
 54442 | Vaults:5 | Noticed an ancient lich
 54533 | Vaults:5 | HP: 2/163 [yaktaur captain/bolt (8)]
 55114 | Depths:1 | Entered Level 1 of the Depths
 55186 | Depths:1 | Learned a level 6 spell: Statue Form
 55217 | Depths:1 | Noticed Nikola
 55231 | Depths:1 | Killed Nikola
 55248 | Depths:1 | Noticed a juggernaut
 55283 | Depths:1 | Killed a juggernaut
 55362 | Depths:1 | Found a gateway to Hell.
 55512 | Depths:1 | Noticed a juggernaut
 55527 | Depths:1 | Killed a juggernaut
 55771 | Depths:1 | Found a portal to a secret trove of treasure.
 55988 | Depths:1 | Found a one-way gateway to a ziggurat.
 56156 | Depths:1 | Found a one-way gate leading to the halls of Pandemonium.
 56183 | Depths:1 | Gained mutation: Your magical capacity is low. (-10% MP) [a
                  | cacodemon]
 56190 | Depths:1 | Reached skill level 10 in Spellcasting
 57077 | Vaults:5 | Killed an ancient lich
 57153 | Vaults:5 | Killed an ancient lich
 57218 | Vaults:5 | Reached XP level 23. HP: 125/171 MP: 26/33
 57324 | Vaults:5 | Identified the ring of the Raven {Fly rCorr Str+4 Int+8
                  | Slay+3}
 57550 | Vaults:5 | Identified the ring "Ywe Tore" {Fire rN+ rCorr}
 57569 | Vaults:5 | Identified the +3 chain mail "Bomm" {rElec rC+ rN++ Str-4}
 57570 | Vaults:5 | Identified the +8 spear of the Witching Whale {drain,
                  | Int+3}
 57917 | Vaults:5 | Got Sif Muna's Handbook of Transmutation
 58092 | Vaults:5 | Reached skill level 16 in Shields
 58246 | Vaults:5 | Got a silver rune of Zot
 58827 | Elf:1    | Entered Level 1 of the Elven Halls
 58827 | Elf:1    | Found a runed translucent gate.
 58827 | Elf:1    | Found a runed translucent gate.
 58827 | Elf:1    | Found a runed translucent gate.
 58827 | Elf:1    | Found a runed translucent gate.
 58827 | Elf:1    | Found a runed translucent gate.
 58827 | Elf:1    | Found a runed translucent gate.
 58829 | Elf:1    | Found a runed translucent door.
 58851 | Elf:1    | Found a runed translucent door.
 59015 | Elf:1    | Identified the +2 ring mail of Too Many Cooks {rElec rCorr
                  | Str-2 SInv}
 59222 | Elf:1    | Found a runed translucent gate.
 59222 | Elf:1    | Found a runed translucent gate.
 59222 | Elf:1    | Found a runed translucent gate.
 59222 | Elf:1    | Found a runed translucent gate.
 59222 | Elf:1    | Found a runed translucent gate.
 59224 | Elf:1    | Found a runed translucent gate.
 59651 | Elf:1    | Paralysed by an air elemental for 1 turns
 59697 | Elf:1    | Found Nipt's Weapon Emporium.
 59888 | Elf:2    | Reached skill level 17 in Shields
 59899 | Elf:2    | Noticed Asterion
 59906 | Elf:2    | Paralysed by an air elemental for 1 turns
 59909 | Elf:2    | Paralysed by an air elemental for 1 turns
 59966 | Elf:2    | Killed Asterion
 60053 | Elf:2    | Found Xism's Jewellery Shop.
 60069 | Elf:2    | Bought the ring "Qeuxzuna" {rPois rF+ Dex+4} for 624 gold
                  | pieces
 60297 | Elf:2    | Found a runed translucent gate.
 60297 | Elf:2    | Found a runed translucent gate.
 60297 | Elf:2    | Found a runed translucent gate.
 61076 | Elf:3    | Entered Level 3 of the Elven Halls
 61076 | Elf:3    | Noticed Aizul
 61082 | Elf:3    | Killed Aizul
 61083 | Elf:3    | Reached XP level 24. HP: 174/177 MP: 36/36
 61121 | Elf:3    | Reached skill level 18 in Shields
 61164 | Elf:3    | Identified the +5 spear of Contradiction {freeze, SInv
                  | Stlth+}
 61167 | Elf:3    | Identified the ring "Ivelehear" {Str+4 SInv}
 61226 | Elf:3    | Got the Incunabulum of Ice
 61289 | Elf:3    | Got the Almanac of Intoxication
 61721 | Elf:3    | Got the Almanac of Black Magic
 61728 | Elf:3    | Got the Volume of the Flamy Compass
 61845 | Elf:3    | Found the +6 lightning scales {swift, rElec}
 61858 | Elf:3    | Identified the ring "Zynk" {rF+ Will+}
 61870 | Elf:3    | Identified the +4 flail of Meggaeva {elec, rC+++}
 62029 | Elf:3    | Found Maecoos's Antique Weapon Emporium.
 63361 | Depths:3 | Noticed Louise
 63372 | Depths:3 | Killed Louise
 63440 | Depths:3 | Identified the ring "Loitt" {Drain rC+ EV+4 Int+3}
 63471 | Depths:3 | Noticed a caustic shrike
 63476 | Depths:3 | Killed a caustic shrike
 63477 | Depths:3 | Reached skill level 19 in Shields
 63483 | Depths:3 | Paralysed by a great orb of eyes for 7 turns
 63610 | Depths:3 | Reached XP level 25. HP: 134/185 MP: 36/36
 64724 | Depths:4 | Entered Level 4 of the Depths
 64724 | Depths:4 | Noticed Mennas
 64734 | Depths:4 | Killed Mennas
 65801 | Depths:4 | Reached skill level 20 in Shields
 65962 | Depths:4 | Noticed Saint Roka
 65963 | Depths:4 | Noticed Frederick
 66027 | Depths:3 | Killed Frederick
 66069 | Depths:3 | Killed Saint Roka
 66120 | Depths:4 | Found an opulent altar of Gozag.
 66333 | Depths:4 | Found a gate to the Realm of Zot.
 66349 | Zot:1    | Entered Level 1 of the Realm of Zot
 66361 | Zot:1    | Reached skill level 15 in Necromancy
 66945 | Zot:1    | Learned a level 8 spell: Infestation
 67391 | Zot:1    | Reached XP level 26. HP: 190/196 MP: 32/36
 67807 | Zot:2    | Identified the ring "Owuklomi" {MP+9 Str+7 Int+7 Dex-3}
 67839 | Zot:2    | Noticed an ancient lich
 67848 | Zot:2    | Killed an ancient lich
 67913 | Zot:2    | Reached skill level 15 in Dodging
 67916 | Zot:2    | Reached skill level 21 in Shields
 68728 | Zot:2    | Noticed a Killer Klown
 68735 | Zot:2    | Killed a Killer Klown
 68788 | Zot:2    | Noticed a dread lich
 68796 | Zot:2    | Paralysed by a dread lich for 7 turns
 68804 | Zot:2    | Killed a dread lich
 69188 | Zot:3    | You are sucked into a shaft and drop 1 floor!
 69315 | Zot:3    | Noticed an orb of fire
 69315 | Zot:3    | Gained mutation: Your magical capacity is very low. (-20%
                  | MP) [an orb of fire]
 70040 | Zot:3    | Reached skill level 15 in Spellcasting
 70247 | Zot:3    | Gained mutation: One of your tentacles bears a nasty spike.
                  | [an orb of fire]
 70255 | Zot:3    | Killed an orb of fire
 71309 | Zot:4    | Reached XP level 27. HP: 201/201 MP: 33/33
 71574 | Zot:5    | Entered Level 5 of the Realm of Zot
 72125 | Zot:5    | Noticed an orb of fire
 72128 | Zot:5    | Gained mutation: You have hidden genetic defects. [an orb
                  | of fire]
 72128 | Zot:5    | Noticed an orb of fire
 72131 | Zot:5    | Noticed an orb of fire
 72137 | Zot:5    | Gained mutation: You are clumsy. (Dex -2) [an orb of fire]
 72137 | Zot:5    | Gained mutation: You are dopey. (Int -2) [an orb of fire]
 72142 | Zot:4    | Killed an orb of fire
 72286 | Zot:5    | Noticed an orb of fire
 72409 | Zot:2    | Lost mutation: Your magical capacity is very low. (-20% MP)
                  | [potion of mutation]
 72409 | Zot:2    | Lost mutation: You are dopey. (Int -2) [potion of mutation]
 72409 | Zot:2    | Gained mutation: You are mostly covered in iridescent
                  | scales. (AC +4) [potion of mutation]
 72409 | Zot:2    | Gained mutation: Your magical capacity is very low. (-20%
                  | MP) [potion of mutation]
 72409 | Zot:2    | Lost mutation: You have hidden genetic defects. [potion of
                  | mutation]
 72409 | Zot:2    | Gained mutation: You are resistant to electric shocks.
                  | (rElec) [potion of mutation]
 72591 | Zot:5    | Gained mutation: You are dopey. (Int -2) [an orb of fire]
 72591 | Zot:5    | Gained mutation: [You tend to lose your temper in combat.]
                  | [an orb of fire]
 72626 | Zot:5    | Noticed a dread lich
 72636 | Zot:4    | Killed a dread lich
 72662 | Zot:4    | Killed an orb of fire
 72713 | Zot:4    | Gained mutation: You have hidden genetic defects. [an orb
                  | of fire]
 72714 | Zot:4    | Killed an orb of fire
 72723 | Zot:5    | Gained mutation: [You often lose your temper in combat.]
                  | [an orb of fire]
 72723 | Zot:5    | Noticed an ancient lich
 72733 | Zot:5    | Gained mutation: [You are weak. (Str -2)] [an orb of fire]
 72735 | Zot:4    | Lost mutation: One of your tentacles bears a nasty spike.
                  | [an orb of fire]
 72736 | Zot:4    | Gained mutation: You sometimes lose the ability to read
                  | scrolls when taking damage. [an orb of fire]
 72737 | Zot:4    | Gained mutation: You are very clumsy. (Dex -4) [an orb of
                  | fire]
 72817 | Zot:4    | Killed an ancient lich
 72849 | Zot:4    | Killed an orb of fire
 73471 | Vaults:5 | Lost mutation: You have hidden genetic defects. [potion of
                  | mutation]
 73471 | Vaults:5 | Lost mutation: Your magical capacity is very low. (-20% MP)
                  | [potion of mutation]
 73471 | Vaults:5 | Lost mutation: [You are weak. (Str -2)] [potion of
                  | mutation]
 73472 | Vaults:5 | Lost mutation: You are resistant to electric shocks.
                  | (rElec) [potion of mutation]
 73472 | Vaults:5 | Lost mutation: One of your tentacles bears a spike. [potion
                  | of mutation]
 73472 | Vaults:5 | Lost mutation: [You often lose your temper in combat.]
                  | [potion of mutation]
 73684 | Vaults:1 | Killed fragbeetle's ghost
 73692 | Vaults:1 | Killed ChongLi's ghost
 73700 | Vaults:1 | Lost mutation: Your magical capacity is low. (-10% MP)
                  | [potion of mutation]
 73700 | Vaults:1 | Lost mutation: [You tend to lose your temper in combat.]
                  | [potion of mutation]
 73700 | Vaults:1 | Gained mutation: One of your tentacles bears a spike.
                  | [potion of mutation]
 73700 | Vaults:1 | Gained mutation: You are completely covered in iridescent
                  | scales. (AC +6) [potion of mutation]
 74044 | Zot:5    | Noticed a dread lich
 74045 | Zot:5    | Noticed an ancient lich
 74072 | Zot:5    | Noticed a dread lich
 74232 | Zot:5    | Killed a dread lich
 74232 | Zot:5    | Noticed a dread lich
 74242 | Zot:5    | Killed a dread lich
 74242 | Zot:5    | Killed an ancient lich
 74263 | Zot:5    | Killed a dread lich
 74585 | Zot:5    | Noticed an orb of fire
 74586 | Zot:5    | Noticed a dread lich
 74626 | Zot:4    | Killed an orb of fire
 74774 | Zot:5    | Killed a dread lich
 74901 | Zot:5    | Noticed a dread lich
 74925 | Zot:5    | Killed a dread lich
 74996 | Zot:5    | Noticed an orb of fire
 74997 | Zot:5    | Gained mutation: Your body sometimes deteriorates upon
                  | taking damage. [an orb of fire]
 74999 | Zot:5    | Noticed a dread lich
 74999 | Zot:5    | Gained mutation: You occasionally shout uncontrollably at
                  | your foes. [an orb of fire]
 75000 | Zot:5    | Killed an orb of fire
 75003 | Zot:5    | Killed a dread lich
 76142 | Slime:1  | Entered Level 1 of the Pits of Slime
 76149 | Slime:1  | Gained mutation: [You tend to lose your temper in combat.]
                  | [a shining eye]
 76184 | Lair:5   | Learned a level 6 spell: Summon Cactus Giant
 76277 | Slime:1  | Gained mutation: You frequently scream uncontrollably at
                  | your foes. [a shining eye]
 76278 | Slime:1  | Gained mutation: You are occasionally teleported next to
                  | monsters. [a shining eye]
 76281 | Slime:1  | Gained mutation: [You are frail. (-10% HP)] [a shining eye]
 76934 | Slime:2  | Gained mutation: Your magical capacity is low. (-10% MP) [a
                  | shining eye]
 77169 | Slime:5  | Entered Level 5 of the Pits of Slime
 77328 | Slime:5  | Noticed the Royal Jelly
 77464 | Slime:5  | Gained mutation: Your body often deteriorates upon taking
                  | damage. [a shining eye]
 77465 | Slime:5  | Found a viscous altar of Jiyva.
 77820 | Slime:5  | Killed the Royal Jelly
 77970 | Slime:5  | Got a slimy rune of Zot
 77979 | Slime:5  | Identified the ring "Yvvarix" {rN+ Str+6 Int+2}
 78041 | Slime:5  | Got the Guide on Burning Transformation
 78099 | Slime:5  | Identified the +4 hand crossbow of the Special Villages
                  | {elec, Contam rC+ rCorr}
 78112 | Slime:5  | Identified the +7 short sword of Qepteecu {drain, Int+6}
 78153 | Slime:5  | Identified the +2 robe of Meuddyiff {rPois rN+ Slay-6}
 78413 | Lair:6   | Identified the +0 cloak of Sakuide {rC++ rN++ Int-5}
 78419 | Lair:6   | Voluntarily entered the Abyss.
 78850 | Abyss:1  | Noticed a dread lich
 79060 | Abyss:1  | Found a broken altar of Ashenzari.
 79083 | Abyss:1  | Found a broken altar of Ashenzari.
 79199 | Abyss:1  | Paralysed by a dread lich for 2 turns
 79203 | Abyss:1  | Killed a dread lich
 79439 | Abyss:2  | Paralysed by an air elemental for 1 turns
 79475 | Abyss:2  | Found a shimmering altar of Xom.
 79475 | Abyss:2  | Found a corrupted altar of Lugonu.
 79877 | Abyss:4  | Noticed a dread lich
 79893 | Abyss:4  | Killed a dread lich
 79897 | Abyss:5  | Entered Level 5 of the Abyss
 80133 | Abyss:5  | Gained mutation: Your magical capacity is very low. (-20%
                  | MP) [a neqoxec]
 80345 | Abyss:5  | Gained mutation: You are very dopey. (Int -4) [a neqoxec]
 80347 | Abyss:5  | Lost mutation: You are completely covered in iridescent
                  | scales. (AC +6) [a neqoxec]
 80349 | Abyss:5  | Gained mutation: You are sometimes teleported next to
                  | monsters. [a neqoxec]
 80350 | Abyss:5  | Paralysed by accursed screaming for 1 turns
 80673 | Abyss:5  | Gained mutation: [Your spells are much easier to cast, but
                  | much less powerful.] [a neqoxec]
 80765 | Abyss:5  | Gained mutation: You have hidden genetic defects. [a
                  | neqoxec]
 80779 | Abyss:5  | Found a transporter.
 80789 | Abyss:5  | Slain by a Hell Sentinel

Illustrated notes

Levels and vault maps discovered:
D:1:      lightli_arrival_statue_moat, layout_rooms, serial_co_window_serial,
          co_window_paths_a, co_window_corner_a, co_window_paths_a,
          co_window_of_opportunity_a, co_window_corner_a,
          co_window_of_opportunity_a, co_window_cross_1,
          co_window_unsneaky_path_c, co_window_broadway_c, co_window_cross_2,
          co_window_cross_4, co_window_corner_cb, co_window_corner_ca,
          co_window_paths_d, glass_columns_a, hellmonk_ecumenical_altar_blasted
D:2:      layout_rooms
D:3:      layout_rooms, mainiacjoe_overflow_alcove_4, uniq_crazy_yiuf_cottage
D:4:      layout_gridville, uniq_pikel, uniq_natasha
D:5:      layout_gridville, minmay_ruined_shrine
D:6:      layout_layer_cave, minmay_temple_entry_large_hall,
          gup_sewer_entry_bowl, kennysheep_dice
D:7:      layout_basic, patterned_corridor
D:8:      layout_basic, gammafunk_ghost_wrathful_warriors,
          kennysheep_generic_room_2, uniq_maggie
D:9:      layout_basic, dpeg_oklobed_lair
D:10:     minmay_imperfect_grid, layout_irregular_city
D:11:     nzn_winding_woodlands_small [nzn_winding_woodlands_5x15_split_checker,
          nzn_winding_woodlands_center_pierced_h,
          nzn_winding_woodlands_5x15_eye], layout_irregular_city, uniq_sonja
D:12:     layout_basic, minmay_orc_entry_temple_small, serial_shops, shop,
          uniq_josephine, uniq_jorgrun
D:13:     layout_small_grid, grunt_vaults_entry_fortified
D:14:     layout_cave_pools, ashenzari_altar_1, serial_shops,
          nicolae_shop_hallway_stairs, hellmonk_ghost_happy_afterlife,
          pdpol_wu_jian_five_deadly_venoms, uniq_rupert
D:15:     grunt_enter_depths_giant_problem, layout_cave_pools,
          hangedman_glass_teeth, uniq_azrael
Temple:   mainiacjoe_temple_archimedes_tessellation
Lair:1:   layout_hall_layers, basic_altar, serial_bayou_pond_a,
          grunt_forest_large_clearings
Lair:2:   layout_gridlike, minmay_shoals_entry_centaurs,
          ebering_ghost_reflecting_pool, infiniplex_staircase_pool,
          serial_bayou_shore_b, uniq_fannar
Lair:3:   layout_misc_corridors, dummy_spider_entry,
          grunt_forest_large_clearing_hut
Lair:4:   layout_cave_pods
Lair:5:   layout_regular_city, slime_altar_2
Lair:6:   hellmonk_lair_end_abyssal_woods, layout_loops_ring,
          nicolae_lair_time_for_slime, uniq_urug, uniq_nessos, uniq_snorg
Shoals:1: layout_shoals, uniq_donald
Shoals:2: layout_shoals, nicolae_shoals_shepherds, uniq_polyphemus
Shoals:3: nicolae_shoals_mermall, layout_shoals, ebering_ghost_reflecting_pool,
          serial_shops, shop
Shoals:4: shoals_end_grunt_garden, layout_shoals
Spider:1: nicolae_spider_hilbert_zone_4 [nicolae_spider_hilbert_4_sides_2_open,
          nicolae_spider_hilbert_4_sides_1_open,
          nicolae_spider_hilbert_4_sides_1_open,
          nicolae_spider_hilbert_4_sides_1_open,
          nicolae_spider_hilbert_4_sides_1_open,
          nicolae_spider_hilbert_2_sides_1_open,
          nicolae_spider_hilbert_2_sides_1_open,
          nicolae_spider_hilbert_2_sides_1_open,
          nicolae_spider_hilbert_2_sides_1_open,
          nicolae_spider_hilbert_6_sides_1_open,
          nicolae_spider_hilbert_6_sides_1_open,
          nicolae_spider_hilbert_3_sides_1_open,
          nicolae_spider_hilbert_3_sides_1_open], hellmonk_spider_spawner
Spider:2: layout_spider_delve, guppyfry_spider_mini_2
Spider:3: layout_spider_delve, hangedman_spider_tarantella_strand
Spider:4: hellmonk_spider_rune_endless_swarm
Slime:1:  layout_caves, nicolae_slime_barrier
Slime:2:  layout_caves
Slime:3:  layout_caves
Slime:4:  cheibrodos_slime_lost_civilization_10, layout_caves,
          cheibrodos_slime_lost_civilization_4
Slime:5
Orc:1:    layout_caves
Orc:2:    pubby_orc_utopia, serial_shops
Elf:1:    nicolae_elf_arrival_dilemma, layout_loops_ring, serial_shops,
          nicolae_diamond_shop, orc_legates, corexii_hall_statues_l
Elf:2:    nicolae_elf_blades_splatter_lattice [grunt_blade_entry_basic],
          layout_geoelf_diagonals, serial_shops, nicolae_shop_statue_plus,
          uniq_asterion
Elf:3:    grunt_elf_hall_branching, layout_geoelf_octagon, serial_shops,
          nicolae_shop_behind_doors, uniq_aizul
Vaults:1: gammafunk_ghost_cemetery, nicolae_vaults_diagonal_hallway_7,
          nicolae_vaults_angled_halls, nicolae_vaults_triangles,
          ontoclasm_vaults_bender, ontoclasm_vaults_decontamination,
          vaults_mumra_chevron, nicolae_vaults_circle_grid_a, v_misc_15,
          vaults_dpeg_encased_lava, st_smaller_cells, v_rooms_5,
          ontoclasm_vaults_chip, ontoclasm_vaults_chip, vaults_room_pools,
          layout_vaults_omnibox
Vaults:2: vaults_dpeg_cross, v_rooms_2, grunt_vaults_focal,
          nicolae_vaults_little_squares_4, nicolae_vaults_little_squares_3,
          layout_vaults_omnigrid
Vaults:3: nicolae_vaults_circle_grid_a, v_alt_pattern_2, hangedman_vaults_pinch,
          ontoclasm_vaults_ring_small, v_misc_10,
          minmay_crypt_entry_skeletal_spiral, ontoclasm_vaults_ligature,
          hangedman_vaults_stagger, hangedman_vaults_trim, v_rooms_6,
          vaults_dpeg_hooks, layout_vaults_ring
Vaults:4: nicolae_vaults_c_with_doors, nicolae_vaults_stairing_the_circle,
          vaults_standard_mumra_x, nicolae_vaults_hallways_thing,
          nicolae_vaults_angled_halls, ontoclasm_vaults_tryst,
          hangedman_vaults_stretched_pinwheel, nicolae_vaults_yaktaur_gun_rack,
          hangedman_vaults_slice, layout_vaults_big_room, serial_shops,
          nicolae_shop_temple_entry_statues_fountains
Vaults:5: uniq_margery
Depths:1: minmay_box_of_curves, layout_basic, enter_ziggurat_c,
          grunt_pan_entry_sceptre, enter_trove_5, hell_entry, uniq_nikola
Depths:2: grunt_bruiser_brothers, layout_small_grid, hellmouth_1, pan_entry,
          minmay_misc_feat_enclosed
Depths:3: minmay_the_grid_octo_tiled_octocenter_mashed
          [minmay_the_grid_octo_teeth, minmay_the_grid_octo_tetromino_candy,
          minmay_the_grid_octo_checkerflower, minmay_the_grid_octo_clover,
          minmay_the_grid_octo_prize_big_c,
          minmay_the_grid_square_5x5_checkered_sparse,
          minmay_the_grid_square_5x5_misaligned,
          minmay_the_grid_square_5x5_beaten_path,
          minmay_the_grid_square_5x5_broken_cross], layout_gridlike,
          hangedman_decor_slide_cut, hell_entry,
          nicolae_abyss_entry_one_way_or_another,
          minmay_staircase_windowed_small
Depths:4: evilmike_zot_entry_hall, layout_cross, grunt_hell_horde, abyss_entry,
          grunt_gozag_statues, grunt_pan_entry_in_and_out, minmay_door_square,
          uniq_saint_roka, uniq_mennas, uniq_frederick
Zot:1:    layout_misc_corridors, grunt_ministairs_1
Zot:2:    hangedman_zot_vaults_quadrants, layout_concentric_octagons
Zot:3:    layout_gridlike, drop_trap, grunt_megastairs_3
Zot:4:    layout_basic
Zot:5:    layout_cathedral_of_symmetry
Abyss:5:  base: Vaults:1, evilmike_abyss_exit_5,
          due_evilmike_abyss_rune_seething_liches, evilmike_abyss_exit_11,
          minivault_28, evilmike_abyss_exit_5, evilmike_abyss_exit_mutagenic,
          evilmike_abyss_rune_ettins, nicolae_abyss_rune_star_stuff,
          bh_abyss_xom_lugonu_altar, eino_small_chamber_without_monster,
          nicolae_abyss_rune_star_stuff, hangedman_abyss_lost_library,
          hangedman_abyss_rune_macabre_mess,
          hangedman_abyss_or_decor_lesser_grid, minivault_25,
          kilobyte_mutagenic_chamber, minivault_5,
          hangedman_abyss_or_decor_clamps, gammafunk_abyss_rune_reverse_zot

Skill      XL: |  1  2  3  4  5  6  7  8  9 10 11 12 13 14 15 16 17 18 19 20 21 22 23 24 25 26 27 |
---------------+----------------------------------------------------------------------------------+-----
Dodging        | 3 4 6 7 8 9 10 12 13 14 16 18 | 18.6
Fighting       | 3 4 5 6 8 10 11 12 13 14 15 16 17 18 20 | 20.0
Maces & Flails | 1 2 3 |  3.0
Axes           | 4 5 7 9 10 12 13 14 15 16 17 18 | 18.4
Translocations | 4 5 |  5.0
Shields        | 1 5 7 8 10 12 13 14 15 17 19 20 21 | 21.4
Evocations     | 4 |  4.3
Throwing       | 2 3 5 |  5.7
Air Magic      | 4 5 |  5.0
Spellcasting   | 3 5 6 8 9 10 13 14 15 17 | 17.3
Stealth        | 5 8 9 12 13 | 13.7
Summonings     | 3 6 7 8 |  8.8
Necromancy     | 6 10 12 13 15 17 19 | 19.3
Earth Magic    | 1 6 7 8 10 12 | 12.0
Transmutations | 4 8 10 11 12 | 12.0

Action                   |  1- 3 |  4- 6 |  7- 9 | 10-12 | 13-15 | 16-18 | 19-21 | 22-24 | 25-27 || total
-------------------------+-------+-------+-------+-------+-------+-------+-------+-------+-------++-------
Melee: Hand axe          |    68 |     6 |       |       |       |       |       |       |       ||    74
       Constrict         |    16 |    19 |    63 |    91 |   148 |   334 |   232 |   205 |   274 ||  1382
       Punch             |     3 |     1 |     1 |    13 |    31 |    44 |    35 |    23 |    51 ||   202
       Tentacles         |    15 |    15 |    82 |   224 |   438 |   607 |   564 |   405 |   819 ||  3169
       Mace              |       |    70 |   114 |       |       |       |       |       |       ||   184
       War axe           |       |       |   177 |   351 |  1232 |   771 |       |       |       ||  2531
       Battleaxe         |       |       |       |   355 |    57 |       |       |       |       ||   412
       Broad axe         |       |       |       |       |       |   937 |  1399 |  1105 |  2345 ||  5786
       Kick              |       |       |       |       |       |   495 |   876 |   631 |  1306 ||  3308
Throw: Boomerang         |       |       |     2 |    14 |    33 |     7 |    13 |    13 |     9 ||    91
       Javelin           |       |       |       |    33 |    33 |    10 |       |       |     3 ||    79
       Throwing net      |       |       |       |     2 |       |       |       |       |       ||     2
 Cast: Blink             |       |       |       |    14 |     5 |     3 |       |     1 |     1 ||    24
       Gell's Gravitas   |       |       |       |     9 |       |     1 |       |       |       ||    10
       Teleport Other    |       |       |       |     5 |       |       |       |       |       ||     5
       Swiftness         |       |       |       |     2 |     1 |       |       |       |     2 ||     5
       Summon Lightning  |       |       |       |       |     1 |     1 |       |       |       ||     2
       Lesser Beckoning  |       |       |       |       |       |    19 |     4 |     9 |     5 ||    37
       Borgnjor's Vile C |       |       |       |       |       |     1 |    20 |    12 |       ||    33
       Statue Form       |       |       |       |       |       |       |       |    39 |    86 ||   125
       Infestation       |       |       |       |       |       |       |       |       |     7 ||     7
       Summon Cactus Gia |       |       |       |       |       |       |       |       |     1 ||     1
Invok: Lunge             |       |       |     4 |    36 |    86 |    75 |   109 |    98 |   159 ||   567
       Whirlwind         |       |       |       |    24 |    39 |    33 |    78 |   107 |   304 ||   585
       Serpent's Lash    |       |       |       |     2 |     8 |     3 |     1 |     3 |     3 ||    20
       Heavenly Storm    |       |       |       |       |       |       |     1 |     2 |     4 ||     7
 Abil: Wall Jump         |       |       |       |     2 |       |       |       |       |       ||     2
Evoke: Wand              |       |       |     3 |    15 |    12 |    10 |     1 |       |       ||    41
  Use: Scroll            |     4 |     6 |     9 |    17 |    18 |     9 |     7 |     7 |    13 ||    90
       Potion            |       |       |       |     8 |     6 |    13 |     7 |     5 |    19 ||    58
 Stab: Sleeping          |     6 |     5 |    11 |     7 |    33 |    37 |    34 |    37 |    27 ||   197
       Distracted        |       |       |     2 |       |     7 |     8 |     9 |    10 |    23 ||    59
       Held in net/web   |       |       |       |     2 |       |     1 |       |       |       ||     3
       Fleeing           |       |       |       |       |     1 |       |     1 |       |       ||     2
       Invisible         |       |       |       |       |       |       |       |       |     5 ||     5
       Petrifying        |       |       |       |       |       |       |       |       |     1 ||     1
       Petrified         |       |       |       |       |       |       |       |       |     1 ||     1
Armor: Skin              |    13 |    27 |    62 |   223 |   291 |   270 |   102 |   190 |   465 ||  1643
Dodge: Dodged            |    59 |    72 |   195 |   683 |   641 |  1066 |   655 |   571 |  1674 ||  5616
Block: Kite shield       |       |       |       |   103 |   794 |  1651 |  1133 |   393 |       ||  4074
       Tower shield      |       |       |       |       |       |       |       |   564 |  2566 ||  3130
